AoeStats
← KK

Four Lakes

508676500Analyzed
1v1 RM · 10d ago on Sep 23, 2026· 38m 57s· 2 players
Game mode
Random Map
Map size
Tiny (2 player)
Population
200
Speed
Normal
Resources
Standard
Victory
Conquest
Starting age
Dark Age
Ending age
Imperial Age
RankedLock teamsTeams togetherTeam positionsShared explorationLock speedFull tech treeHidden civsTurbo modeCheats
Victory
Defeat
🇨🇳 Varangians · China
1679
+14
🇨🇿 Danes · Czechia
1644
-14
Voskarius
6:53 Loom
9:29 Feudal Age
12:43 Double-Bit Axe
17:42 Castle Age
15:34 Fishing Lines
16:38 Scale Mail Armor
17:48 Pikeman
19:11 Squires
19:58 Gillnets
20:41 Fletching
25:16 Chain Mail Armor
32:05 Wheelbarrow
31:50 Gold Mining
33:38 Bodkin Arrow
36:26 Horse Collar
38:15 Forging
38:05 Arson
KK
7:12 Loom
9:31 Feudal Age
10:15 Double-Bit Axe
11:55 Horse Collar
13:24 Bloodlines
13:50 Forging
19:33 Castle Age
18:12 Scale Barding Armor
17:59 Gold Mining
19:45 Light Cavalry
20:36 Bow Saw
21:33 Fletching
22:20 Bodkin Arrow
23:47 Wheelbarrow
23:16 Padded Archer Armor
23:18 Husbandry
23:20 Town Watch
24:17 Heavy Plow
24:10 Stone Mining
25:49 Stone Mining
29:53 Ballistics
31:17 Leather Archer Armor
38:45 Imperial Age
37:57 Chain Barding Armor
38:14 Hand Cart
39:39 Iron Casting
40:02 Plate Barding Armor
40:29 Two-Man Saw
Connection lost

Rejoining the realm…

Still unreachable

The connection could not be restored.

Session expired

The server has moved on; the page needs a fresh start.